Map: [TLMC15] Hardwire

Players

Cure - Winner!

  • Race: Terran Terran

Zest

  • Race: Protoss Protoss

Event: DreamHack SC2 Masters Last Chance 2022

VOD

Have the link to the VOD?

Description

Time

  • Played on: Jan. 15, 2022, 9:50 a.m.
  • Length: 5:11

All games in this series

Show
View Real Time Build Order
Export as new Build Order

Cure Terran - Winner!

Build Orders:  

Get SALT Encoding   

  12  0:00  SCV  
  13  0:12  SCV  
  14  0:17  Supply Depot  
  14  0:24  SCV  
  15  0:39  SCV, Barracks  
  15  0:42  Refinery  
  16  0:51  SCV  
  17  1:03  SCV  
  18  1:06  Supply Depot  
  18  1:15  SCV  
  19  1:26  Marine  
  19  1:28  Orbital Command  
  20  1:46  Barracks Reactor  
  20  1:53  SCV  
  21  1:55  Command Center  
  21  2:05  Factory  
  21  2:06  SCV  
  22  2:18  SCV, Bunker  
  22  2:21  Marine  
  22  2:22  Marine  
  25  2:26  Refinery  
  25  2:30  SCV  
  26  2:40  Marine  
  26  2:42  SCV  
  28  2:48  Starport  
  28  2:49  Widow Mine  
  30  2:54  SCV  
  31  3:06  SCV, Marine x2, Orbital Command  
  31  3:10  Widow Mine  
  36  3:19  SCV  
  37  3:23  Supply Depot  
  37  3:24  Marine x2  
  39  3:27  Medivac  
  39  3:32  Widow Mine, SCV x2  
  45  3:42  Marine  
  45  3:44  Marine  
  45  3:45  SCV x2  
  45  3:46  Supply Depot  
  49  3:55  Factory Tech Lab  
  49  3:57  SCV x2, Starport Tech Lab  
  49  4:00  Marine  
  49  4:02  Marine  
  54  4:10  SCV x2  
  54  4:12  Supply Depot, Barracks  
  54  4:16  Raven  
  57  4:22  SCV x2, Refinery  
  57  4:23  Marine  
  57  4:24  Marine  
  61  4:33  Siege Tank  
  61  4:38  SCV x2  
  62  4:42  Marine x2  
  60  4:50  SCV x2  
  60  4:51  Engineering Bay  
  61  5:05  Starport Reactor  
Show
View Real Time Build Order
Export as new Build Order

Zest Protoss 

Build Orders: 1 Gate Expand, Dark Templar Rush 

Get SALT Encoding   

  12  0:00  Probe  
  13  0:12  Probe  
  14  0:17  Pylon  
  14  0:24  Probe (Chrono Boost)  
  15  0:36  Gateway, Probe (Chrono Boost)  
  16  0:44  Probe (Chrono Boost)  
  16  0:46  Assimilator  
  17  0:51  Probe  
  18  1:03  Probe  
  19  1:15  Probe  
  20  1:23  Cybernetics Core  
  20  1:33  Nexus  
  20  1:36  Probe  
  21  1:43  Pylon  
  21  1:48  Probe  
  21  1:51  Assimilator  
  22  1:58  Adept (Chrono Boost)  
  22  2:00  Probe  
  25  2:05  Warp Gate  
  25  2:12  Probe  
  26  2:18  Adept (Chrono Boost)  
  28  2:26  Probe  
  28  2:29  Twilight Council  
  29  2:40  Stalker  
  29  2:41  Pylon  
  31  2:45  Probe  
  31  2:47  Probe  
  33  3:03  Probe x2  
  35  3:05  Dark Shrine  
  35  3:10  Gateway  
  35  3:18  Probe (Chrono Boost)  
  38  3:21  Probe (Chrono Boost)  
  37  3:30  Probe (Chrono Boost)  
  37  3:33  Probe (Chrono Boost)  
  39  3:37  Assimilator  
  39  3:38  Probe (Chrono Boost)  
  39  3:39  Probe (Chrono Boost)  
  41  3:44  Probe  
  41  3:45  Pylon  
  41  3:47  Probe  
  43  3:53  Pylon  
  43  3:59  Gateway, Probe  
  43  4:00  Probe  
  45  4:12  Probe x2  
  47  4:18  Dark Templar x2  
  51  4:24  Probe  
  51  4:25  Probe  
  53  4:36  Nexus  
  53  4:39  Probe x2 (Chrono Boost)  
  36  4:50  Dark Templar x2  
  36  4:51  Probe x2 (Chrono Boost)  
  38  4:56  Probe x2 (Chrono Boost)  

Tags
 
Add a new tag
Caveats
  • Supply blocks, unpowered buildings, or Contaminate may cause inaccurate times.
  • Supply counts are checked every 10 seconds.